 Dungeon Crawl Stone Soup version 0.18.1-5-g4a78601 (webtiles) character file.

4107 M4edhros the Covert (level 10, 0/64 HPs)
             Began as an Octopode Necromancer on May 12, 2016.
             Was a Priest of Cheibriados.
             Slain by an iguana (9 damage)
             ... on level 9 of the Dungeon.
             The game lasted 00:27:10 (3311 turns).

M4edhros the Covert (Octopode Necromancer)          Turns: 3311, Time: 00:27:11

Health: 0/64       AC:  1    Str: 20    XL:     10   Next: 26%
Magic:  14/15      EV: 17    Int: 25    God:    Cheibriados [***...]
Gold:   318        SH:  0    Dex: 22    Spells: 4 memorised, 4 levels left

rFire  . . .     SeeInvis .       - Unarmed
rCold  . . .     Gourm    .     (no shield)
rNeg   + . .     Faith    .     (helmet restricted)
rPois  .         Spirit   .     (no amulet)
rElec  .         Dismiss  .     D - +5 ring of strength
rCorr  .         Reflect  .     G - ring of positive energy
SustAt .         Harm     .     (no ring)
MR     .....                    (no ring)
Stlth  +++++++...               (no ring)
                                (no ring)
                                (no ring)
                                (no ring)

@: very slow, not resistant to hostile enchantments, extremely stealthy
A: almost no armour, amphibious, 8 rings, constrict 8, camouflage 1, gelatinous
body 1
a: Bend Time, Temporal Distortion, Renounce Religion


You were on level 9 of the Dungeon.
You worshipped Cheibriados.
Cheibriados was most pleased with you.
You were not hungry.

You visited 2 branches of the dungeon, and saw 10 of its levels.

You collected 318 gold pieces.

Inventory:

Hand Weapons
 e - a +2 quarterstaff of chaos
 h - a +1 spear of flaming
 i - a +4 scythe of protection
 w - a +0 dagger of venom
 y - a +0 flail of crushing
Missiles
 g - 2 curare-tipped needles
Rods
 z - a +1 rod of inaccuracy (1/12)
   (You found it on level 4 of the Dungeon)
Jewellery
 D - a +5 ring of strength (left tentacle)
 G - a ring of positive energy (right tentacle)
Wands
 k - a wand of slowing (0/48)
 n - a wand of lightning (2/15)
 u - a wand of polymorph (9/24)
 F - a wand of enslavement (4/24)
Scrolls
 f - a scroll of magic mapping
 l - 2 scrolls of amnesia
 q - 2 scrolls of random uselessness {unknown}
 x - a scroll of blinking
 H - 2 scrolls of identify {unknown}
 J - a scroll of immolation {unknown}
Potions
 d - 3 potions of might
 j - a potion of curing
 o - 2 potions of cure mutation
 s - a potion of flight {unknown}
 t - a potion of magic {unknown}
 C - a potion of cancellation {unknown}
 E - a potion of brilliance {unknown}
 I - a potion of degeneration {unknown}
Books
 a - a book of Necromancy

   Spells                             Type                      Level
   a - Pain                           Necromancy                   1
   b - Animate Skeleton               Necromancy                   1
   c - Vampiric Draining              Necromancy                   3
   d - Regeneration                   Charms/Necromancy            3
   e - Animate Dead                   Necromancy                   4
   f - Control Undead                 Necromancy                   4
 p - a book of the Warp

   Spells                             Type                      Level
   a - Recall                         Summoning/Translocation      3
   b - Gell's Gravitas                Hexes/Translocation          3
   c - Force Lance                    Conjuration/Translocation    4
   d - Warp Weapon                    Charms/Translocation         5
   e - Summon Forest                  Summoning/Translocation      5
Comestibles
 b - 3 bread rations
 c - 9 chunks of flesh
 r - 11 royal jellies
 A - 2 beef jerkies


   Skills:
 + Level 4.3 Fighting
 + Level 5.3 Dodging
 * Level 10.7 Stealth
 + Level 7.8 Unarmed Combat
 - Level 2.0 Spellcasting
 - Level 4.0 Necromancy
 * Level 7.6 Evocations


You had 4 spell levels left.
You knew the following spells:

 Your Spells              Type           Power        Failure   Level  Hunger
a - Pain                  Necr           ###.         1%          1    None
b - Animate Skeleton      Necr           N/A          1%          1    None
c - Animate Dead          Necr           N/A          21%         4    ####...
r - Regeneration          Chrm/Necr      ##........   14%         3    ###....


Dungeon Overview and Level Annotations

Branches:
Dungeon (9/15)             Temple (1/1) D:6
   Lair: D:8-11         Orc: D:9-12

Altars:
Ashenzari
Cheibriados
Elyvilon
Kikubaaqudgha
Makhleb
Nemelex Xobeh
Pakellas
Ru
Vehumet
Xom
Lugonu

Shops:
D:7 [

Annotations:
D:5 esc's ghost, novice DEFE


Innate Abilities, Weirdness & Mutations

You cannot wear most types of armour.
You are amphibious.
You can wear up to eight rings at the same time.
You can use your tentacles to constrict eight enemies at once.
Your skin changes colour to match your surroundings (Stealth).
Your rubbery body absorbs attacks (AC +1).


Message History

Evoke which item? (* to show all) (? for menu, Esc to quit)
Zapping:
n - a wand of lightning (3/15)
Press: ? - help, Shift-Dir - straight line You hear a mighty clap of thunder!
The bolt of lightning hits the orc warrior.
The orc warrior is heavily wounded.
The bolt of lightning hits the iguana.
You kill the iguana!
Cheibriados appreciates the change of pace.
The bolt of lightning hits the komodo dragon.
You kill the komodo dragon!
Cheibriados appreciates the change of pace.
The bolt of lightning misses the iguana.
This wand has 2 charges left.
You hear an angry hiss.
The orc warrior hits you with a morningstar!!
* * * LOW HITPOINT WARNING * * *
Your surroundings seem slightly different.
The iguana bites you!
You die...

## ##. ###..####
### ........####..
## ........#.# .#
.........#####.#
####
#.llo.ยง....###
#.##
##@o#........###...
###.#.##....%((...
#.##..####.#.####
## ###.# ##### ##


You could see an orc warrior, 2 iguanas and an orc.

Vanquished Creatures
  Maurice (D:9)
  2 komodo dragons (D:9)
  2 wolves (D:9)
  A mottled dragon (D:9)
  Sigmund (D:2)
  A shadow (D:7)
  2 hippogriffs
  3 orc warriors
  2 ice beasts
  2 ogres
  A centaur (D:9)
  A crocodile (D:9)
  A big kobold (D:9)
  3 giant frogs
  A scorpion (D:9)
  9 killer bees
  A crimson imp (D:9)
  2 orc priests (D:5)
  A quasit (D:7)
  A hound (D:6)
  6 orc wizards
  Crazy Yiuf (D:2)
  3 jellies (D:8)
  4 iguanas
  2 worker ants (D:9)
  A howler monkey zombie (D:7)
  A gnoll (D:2)
  5 adders
  2 shadow imps
  5 oozes (D:8)
  3 adder skeletons (D:4)
  An adder zombie (D:9)
  2 dart slugs
  5 giant geckos
  12 orcs
  A ball python (D:5)
  2 giant cockroaches
  10 hobgoblins
  6 jackals (D:4)
  7 kobolds
  6 bats
  2 giant newts
  4 goblins
  A quokka skeleton (D:5)
  3 rats
133 creatures vanquished.

Vanquished Creatures (collateral kills)
  Prince Ribbit (D:9)
  Grum (D:9)
  A sky beast (D:9)
  2 orc wizards
  A shadow imp (D:7)
  3 orcs
  A jackal (D:4)
10 creatures vanquished.

Vanquished Creatures (others)
  An orc wizard (D:7)
1 creature vanquished.

Grand Total: 144 creatures vanquished

Notes
Turn   | Place    | Note
--------------------------------------------------------------
     0 | D:1      | M4edhros the Octopode Necromancer began the quest for the Orb.
     0 | D:1      | Reached XP level 1. HP: 11/11 MP: 3/3
   120 | D:2      | Noticed Crazy Yiuf
   144 | D:2      | Killed Crazy Yiuf
   144 | D:2      | Reached XP level 2. HP: 9/17 MP: 0/5
   144 | D:2      | Reached XP level 3. HP: 12/21 MP: 0/6
   165 | D:2      | Learned a level 1 spell: Animate Skeleton
   169 | D:2      | Learned a level 3 spell: Regeneration
   229 | D:2      | Noticed Sigmund
   234 | D:2      | Killed Sigmund
   234 | D:2      | Reached skill level 5 in Unarmed Combat
   234 | D:2      | Reached XP level 4. HP: 13/27 MP: 2/7
   234 | D:2      | Reached XP level 5. HP: 15/31 MP: 2/8
   660 | D:2      | Reached XP level 6. HP: 36/36 MP: 9/9
   878 | D:3      | Found an ancient bone altar of Kikubaaqudgha.
   979 | D:3      | Found a white marble altar of Elyvilon.
  1113 | D:4      | Identified a +0 rod of inaccuracy (11/11) (You found it on level 4 of the Dungeon)
  1159 | D:4      | Reached skill level 3 in Stealth
  1202 | D:4      | Found an oddly glowing altar of Pakellas.
  1211 | D:4      | Learned a level 4 spell: Animate Dead
  1494 | D:5      | Entered Level 5 of the Dungeon
  1595 | D:5      | Noticed esc's ghost (novice DEFE)
  1717 | D:6      | Found a staircase to the Ecumenical Temple.
  1732 | D:6      | Reached skill level 1 in Fighting
  1732 | D:6      | Reached skill level 4 in Stealth
  1732 | D:6      | Reached skill level 1 in Evocations
  1732 | D:6      | Reached XP level 7. HP: 42/42 MP: 10/10
  1794 | Temple   | Entered the Ecumenical Temple
  1811 | Temple   | Became a worshipper of Cheibriados the Contemplative
  1991 | D:6      | Reached skill level 5 in Stealth
  2027 | D:6      | Found a sparkling altar of Nemelex Xobeh.
  2029 | D:6      | Found a shimmering altar of Xom.
  2033 | D:6      | Found a radiant altar of Vehumet.
  2236 | D:7      | Noticed a shadow
  2243 | D:7      | Gained mutation: You are somewhat resistant to further mutation. [potion of mutation]
  2249 | D:7      | Lost mutation: You are somewhat resistant to further mutation. [potion of cure mutation]
  2258 | D:7      | Reached XP level 8. HP: 49/49 MP: 9/11
  2267 | D:7      | Reached * piety under Cheibriados
  2267 | D:7      | Reached skill level 6 in Stealth
  2273 | D:7      | Killed a shadow
  2289 | D:7      | Reached skill level 7 in Stealth
  2452 | D:7      | Reached skill level 5 in Evocations
  2484 | D:7      | Found Nuovig's Armour Emporium.
  2571 | D:8      | Reached XP level 9. HP: 32/55 MP: 8/12
  2576 | D:8      | Reached skill level 8 in Stealth
  2694 | D:8      | Reached ** piety under Cheibriados
  2840 | D:9      | Noticed Grum
  2852 | D:9      | Reached skill level 9 in Stealth
  2855 | D:9      | HP: 2/85 [Grum/spear (9)]
  2857 | D:9      | Killed Grum
  2991 | D:9      | Noticed Maurice
  2995 | D:9      | Killed Maurice
  3090 | D:9      | Reached skill level 10 in Stealth
  3091 | D:9      | Reached XP level 10. HP: 63/63 MP: 15/15
  3106 | D:9      | Reached skill level 5 in Dodging
  3139 | D:9      | Reached *** piety under Cheibriados
  3214 | D:9      | d9 lair
  3235 | D:9      | Noticed Prince Ribbit
  3250 | D:9      | lucky resist chug
  3253 | D:9      | Killed Prince Ribbit
  3311 | D:9      | Slain by an iguana

Skill      XL: |  1  2  3  4  5  6  7  8  9 10 |
---------------+-------------------------------+-----
Unarmed Combat | 2 5 6 7 |  7.8
Stealth        | 4 5 7 10 | 10.7
Fighting       | 1 2 4 |  4.3
Evocations     | 1 3 5 7 |  7.6
Dodging        | 3 4 5 |  5.3
Spellcasting   | |  2.0
Necromancy     | |  4.0

Action                   |  1- 3 |  4- 6 |  7- 9 | 10-12 || total
-------------------------+-------+-------+-------+-------++-------
Melee: Unarmed           |    17 |    39 |   132 |    14 ||   202
       Constrict         |     7 |    19 |    19 |     3 ||    48
       Tentacles         |     3 |    10 |    23 |     3 ||    39
       Quarterstaff      |     7 |       |       |       ||     7
       Scythe            |       |    49 |    18 |     5 ||    72
       Punch             |       |     3 |     6 |       ||     9
       Dagger            |       |       |     1 |       ||     1
 Cast: Pain              |     9 |       |       |       ||     9
       Regeneration      |     1 |     7 |    24 |     4 ||    36
       Animate Skeleton  |       |    10 |    17 |     5 ||    32
Evoke: Rod               |       |    10 |    20 |     7 ||    37
       Wand              |       |       |     9 |     3 ||    12
  Use: Scroll            |       |     5 |     3 |     2 ||    10
       Potion            |       |       |    11 |     1 ||    12
 Stab: Sleeping          |     3 |     9 |     5 |     1 ||    18
       Distracted        |       |     1 |     1 |       ||     2
  Eat: Chunk             |       |     5 |     7 |     1 ||    13
       Meat ration       |       |       |     1 |       ||     1
Armor: Skin              |     3 |    25 |    78 |     1 ||   107
Dodge: Dodged            |     9 |    76 |    97 |    17 ||   199
